 Seeded DCSS version 0.29-a0-1023-g6ae1a4a2c7 (webtiles) character file.

Game seed: 6155037152212704371 (custom seed)

2488 mathmaestro the Scholar of Death (level 9, -2/60 (68) HPs)
             Began as a Demonspawn Necromancer on Aug 12, 2022.
             Was a Follower of Kikubaaqudgha.
             Slain by a wyvern zombie (6 damage)
             ... on level 7 of the Dungeon.
             The game lasted 00:14:39 (8080 turns).

mathmaestro the Scholar of Death (DsNe)             Turns: 8080, Time: 00:14:40

HP:   -2/60 (68)    AC:  7    Str:  9    XL:     9   Next: 27%
MP:   0/17          EV: 12    Int: 21    God:    Kikubaaqudgha [*.....]
Gold: 227           SH:  0    Dex: 11    Spells: 7/19 levels left

rFire   + . .      SeeInvis .   A - +12 quarterstaff of Askesosit {venom, rPois rF+ Dex-2}
rCold   . . .      Faith    .   (shield currently unavailable)
rNeg    . . .      Spirit   +   u - +0 leather armour
rPois   +          Reflect  .   (no helmet)
rElec   .          Harm     .   g - +0 cloak
rCorr   .          Rampage  .   B - +0 pair of gloves
Will    .....                   w - +0 pair of boots
Stlth   ++........              (no amulet)
HPRegen 0.20/turn               (no ring)
MPRegen 0.30/turn               (no ring)

@: heavily drained
A: magic shield, magic regeneration, sturdy frame 1, weakness stinger 1
a: Renounce Religion, Unearth Wretches


You were on level 7 of the Dungeon.
You worshipped Kikubaaqudgha.
Kikubaaqudgha was aware of your devotion.
You visited 2 branches of the dungeon, and saw 8 of its levels.

You collected 263 gold pieces.
You spent 36 gold pieces at shops.

Inventory:

Hand Weapons
 j - a +1 hand axe
 s - a +0 dagger of distortion
 A - the +12 quarterstaff of Askesosit (weapon) {venom, rPois rF+ Dex-2}
   (You found it on level 5 of the Dungeon)

   It poisons the flesh of those it strikes.
   Dex:       It affects your dexterity (-2).
   rF:        It protects you from fire.
   rPois:     It protects you from poison.
 D - the +8 dagger of Yqimeser {freeze, Stlth+}
   (You found it on level 6 of the Dungeon)

   It freezes those it strikes, dealing additional cold damage.
   It can also slow down cold-blooded creatures.
   Stlth:     It makes you more stealthy.
Missiles
 t - 2 silver boomerangs
Armour
 f - a +0 buckler
 g - a +0 cloak (worn)
 u - a +0 leather armour (worn)
 w - a +0 pair of boots (worn)
 B - a +0 pair of gloves (worn)
Wands
 y - a wand of mindburst (14)
Scrolls
 m - a scroll of magic mapping
 p - 2 scrolls of amnesia
 q - a scroll of silence
Potions
 b - 2 potions of magic
 e - 2 potions of degeneration {unknown}
 h - a potion of might {unknown}
 i - a potion of attraction {unknown}
 o - 3 potions of haste {unknown}
 r - a potion of brilliance {unknown}
 v - a potion of berserk rage {unknown}
 z - a potion of mutation {unknown}
 C - a potion of resistance {unknown}


   Skills:
 + Level 5.5 Fighting
 + Level 4.8 Armour
 - Level 2.0 Dodging
 - Level 2.0 Stealth
 + Level 5.5 Spellcasting
 + Level 2.4 Hexes
 + Level 7.6 Necromancy
 + Level 4.1 Evocations


You had 7 spell levels left.
You knew the following spells:

 Your Spells              Type           Power      Damage    Failure   Level
a - Necrotise             Necr           100%       1d9       1%          1
b - Vampiric Draining     Necr           38%        2d8       1%          3
c - Animate Dead          Necr           38%        N/A       4%          4
d - Anguish               Hex/Necr       13%        N/A       14%         4

Your spell library contained the following spells:

 Spells                   Type           Power      Damage    Failure   Level
 Magic Dart               Conj           20%        1d4       11%         1
 Summon Small Mammal      Summ           20%        N/A       11%         1
 Agony                    Necr           38%        N/A       13%         5
 Call Imp                 Summ           5%         N/A       17%         2
 Summon Guardian Golem    Hex/Summ       11%        N/A       21%         3
 Call Canine Familiar     Summ           5%         N/A       32%         3
 Ignite Poison            Fire/Tmut/Pois 5%         N/A       32%         3
 Mephitic Cloud           Conj/Pois/Air  5%         N/A       32%         3
 Freezing Cloud           Conj/Ice/Air   2%         6-21      97%         5


Dungeon Overview and Level Annotations

Branches:
Dungeon (7/15)             Temple (1/1) D:5

Altars:
Ashenzari
Dithmenos
Fedhas
Gozag
Hepliaklqana
Kikubaaqudgha
Makhleb
Nemelex Xobeh
Okawaru
Qazlal
Sif Muna
Trog
Uskayaw
Wu Jian
Xom
Yredelemnul

Shops:
D:3 !   D:4 :


Innate Abilities, Weirdness & Mutations

When hurt, damage is shared between your health and your magic reserves.
You regenerate magic rapidly.
Your movements are slightly less encumbered by armour. (ER -2)
You have a small tail.


Message History

The wyvern zombie barely misses you.
You sock the wyvern zombie!
You destroy the wyvern zombie!
Kikubaaqudgha accepts your kill.
The water moccasin zombie bites you but does no damage.
You thump the water moccasin zombie!
The water moccasin zombie is heavily damaged.
The water moccasin zombie bites you.
* * * LOW HITPOINT WARNING * * *
You closely miss the water moccasin zombie.
Your tail-slap misses the water moccasin zombie.
The water moccasin zombie is heavily damaged.
The water moccasin zombie completely misses you.
The water moccasin zombie closely misses you.
You thump the water moccasin zombie!
You tail-slap the water moccasin zombie.
The water moccasin zombie is almost destroyed.
The water moccasin zombie misses you.
You sock the water moccasin zombie!
You destroy the water moccasin zombie!
Kikubaaqudgha accepts your kill. The wyvern zombie barely misses you.
You sock the wyvern zombie!
The wyvern zombie is moderately damaged.
The wyvern zombie bites you but does no damage.
You barely miss the wyvern zombie.
The wyvern zombie is moderately damaged.
The wyvern zombie bites you but does no damage.
The wyvern zombie bites you!
* * * LOW HITPOINT WARNING * * *
You sock the wyvern zombie!
The wyvern zombie is heavily damaged.
The wyvern zombie bites you!
* * * LOW HITPOINT WARNING * * *
The wyvern zombie bites you.
* * * LOW HITPOINT WARNING * * *
The wyvern zombie attacks as you move away!
The wyvern zombie bites you!
You die...
Kikubaaqudgha rasps: "You have failed me!
Welcome... death!"

****+******** #.# *,,,,,,,,,,,*
#.# *,,,,,.,,,,,* #.#
*,,,,,..,,,,* #.# ******
**,,,,,.8.,,,###.########*,,,,**
*,,,,,,....,,+...........,,,,,,,
*,,,,,,.....,###.########*,,,,*,
**,,,,,,......###.### *,,,,*,
,,,,,,,,......)Z@...# **,,**,
**,,,,*,#########.#.# *,,,,,
,,,8,,,,,,,,,>,,#.#.# *,****
**,****,*,*,,,,,#.#.# *,* *,*
*,*,+,,,,,#.#.# *,* *,*
*,***,,,*,#.#.# *,* *,*
*,,,+,,,+,).#.# *,*
**,********,,,*,#.#.# *,*
,,,,,,,,,,+,,,,,,,*,* *,*


You could see a wyvern zombie.

Vanquished Creatures
  Sigmund (D:3)
  Edmund (D:6)
  A water moccasin (D:6)
  An ice beast (D:5)
  A black bear (D:5)
  2 ogres
  A phantom (Temple)
  A kobold brigand (D:6)
  A bullfrog (D:4)
  A necrophage (D:6)
  7 scorpions
  A wyvern zombie (D:7)
  A water moccasin zombie (D:7)
  6 wights
  A howler monkey (D:4)
  A centaur zombie (D:7)
  3 orc priests (D:6)
  A jelly (D:5)
  2 iguanas
  8 orc wizards
  A howler monkey zombie (D:7)
  8 adders
  A dart slug (D:4)
  25 orcs
  5 ball pythons
  A bat (D:2)
  3 endoplasms
  A giant cockroach (D:1)
  7 hobgoblins
  5 quokkas
  5 goblins
  12 kobolds
  3 rats
119 creatures vanquished.

Vanquished Creatures (others)
  A wight (D:6)
  A howler monkey zombie (D:4)
  A hobgoblin zombie (D:4)
  9 orc zombies
  43 plants (D:4)
  4 withered plants (D:7)
59 creatures vanquished.

Grand Total: 178 creatures vanquished

Notes
Turn   | Place    | Note
-------+----------+-------------------------------------------
     0 | D:1      | mathmaestro the Demonspawn Necromancer began the quest for
                  | the Orb.
     0 | D:1      | Reached XP level 1. HP: 13/13 MP: 3/3
   398 | D:1      | Gained mutation: You regenerate magic rapidly. [demonic
                  | ancestry]
   398 | D:1      | Reached XP level 2. HP: 14/20 MP: 3/5
  1289 | D:2      | Reached skill level 1 in Fighting
  1600 | D:3      | Found Zojekus's Distillery.
  1610 | D:3      | Bought a potion of curing for 36 gold pieces
  1663 | D:3      | Found a faded altar of an unknown god.
  1922 | D:3      | Reached XP level 3. HP: 26/26 MP: 4/6
  1926 | D:3      | Learned a level 3 spell: Vampiric Draining
  1934 | D:3      | Noticed Sigmund
  2359 | D:3      | Killed Sigmund
  2360 | D:3      | Reached skill level 1 in Armour
  2360 | D:3      | Reached skill level 5 in Necromancy
  2360 | D:3      | Gained mutation: Your movements are slightly less
                  | encumbered by armour. (ER -2) [demonic ancestry]
  2360 | D:3      | Reached XP level 4. HP: 30/34 MP: 3/8
  2360 | D:3      | Reached XP level 5. HP: 35/39 MP: 3/9
  2392 | D:3      | Learned a level 4 spell: Animate Dead
  2532 | D:4      | Gained mutation: When hurt, damage is shared between your
                  | health and your magic reserves. [demonic ancestry]
  2532 | D:4      | Reached XP level 6. HP: 46/46 MP: 6/11
  2580 | D:4      | Found Ytylop's Book Emporium.
  2775 | D:3      | Identified the +0 pair of boots of the Flute {Harm *Corrode
                  | rElec Regen+}
  3057 | D:4      | HP: 2/47 [something (4)]
  3081 | D:4      | HP: 2/47 [orc wizard/magic dart (5)]
  3687 | D:4      | Reached skill level 6 in Necromancy
  3695 | D:4      | Reached XP level 7. HP: 38/52 MP: 7/12
  3849 | D:5      | Entered Level 5 of the Dungeon
  4080 | D:5      | Identified the +12 quarterstaff of Askesosit {venom, rPois
                  | rF+ Dex-2}
  4460 | D:5      | Reached skill level 1 in Evocations
  4802 | D:5      | Found a staircase to the Ecumenical Temple.
  4816 | Temple   | Entered the Ecumenical Temple
  5004 | Temple   | Became a worshipper of Kikubaaqudgha
  5500 | D:6      | Gained mutation: You have a small tail. [demonic ancestry]
  5500 | D:6      | Reached XP level 8. HP: 49/60 MP: 11/14
  6049 | D:6      | Reached * piety under Kikubaaqudgha
  6049 | D:6      | Received a gift from Kikubaaqudgha
  6050 | D:6      | Reached skill level 7 in Necromancy
  6056 | D:6      | Learned a level 4 spell: Anguish
  6062 | D:6      | Identified the +8 dagger of Yqimeser {freeze, Stlth+}
  6178 | D:6      | Reached skill level 5 in Spellcasting
  6211 | D:6      | Noticed Edmund
  6225 | D:6      | Killed Edmund
  6226 | D:6      | Reached skill level 5 in Fighting
  6226 | D:6      | Reached skill level 1 in Hexes
  6656 | D:5      | Reached XP level 9. HP: 40/68 MP: 1/16
  8080 | D:7      | Slain by a wyvern zombie

Illustrated notes

Levels and vault maps discovered:
D:1:      amcnicky_arrival_underground_garden, layout_loops_ring
D:2:      layout_loops_cross
D:3:      minmay_spotlight, layout_basic,
          shapermc_ecumenical_altar_starsandcircs, serial_shops, shop,
          uniq_sigmund
D:4:      layout_basic, serial_shops, shop, serial_bayou_lagoon_a,
          grunt_ministairs_1, minmay_misc_feat_tiny
D:5:      layout_loops_ring, temple_pool_b
D:6:      cheibrodos_thug_alley, layout_layer_cave, serial_rivers,
          chequers_serial_rivers_marsh, chequers_serial_rivers_micro_e,
          chequers_serial_rivers_room_b, chequers_serial_rivers_small_b,
          chequers_serial_rivers_micro_a, amcnicky_mini_rare_corridor_liquid,
          minmay_misc_feat_diagonals, st_stairs_4, uniq_edmund
D:7:      layout_basic, nicolae_ru_the_path_less_chosen, vehumet_altar_wand_db,
          serial_undead, serial_undead_b, serial_undead_b, serial_undead_c,
          serial_undead_b, serial_undead_e, serial_undead_d, serial_undead_a
Temple:   minmay_crystal_spiral_temple

Skill      XL: |  1  2  3  4  5  6  7  8  9 |
---------------+----------------------------+-----
Stealth        | 2 |  2.0
Dodging        | 2 |  2.0
Fighting       | 1 2 3 4 5 |  5.5
Armour         | 1 2 3 4 |  4.8
Spellcasting   | 3 4 5 |  5.5
Necromancy     | 5 6 7 |  7.6
Evocations     | 2 3 4 |  4.1
Hexes          | 1 2 |  2.4

Action                   |  1- 3 |  4- 6 |  7- 9 || total
-------------------------+-------+-------+-------++-------
Melee: Dagger            |    46 |    70 |    23 ||   139
       Whip              |     6 |       |       ||     6
       Quarterstaff      |       |       |   149 ||   149
       Tailslap          |       |       |     7 ||     7
 Cast: Necrotise         |    16 |    18 |    12 ||    46
       Vampiric Draining |     2 |     4 |     8 ||    14
       Animate Dead      |       |     1 |     1 ||     2
       Anguish           |       |       |     6 ||     6
Evoke: Wand              |       |       |     1 ||     1
  Use: Potion            |       |     2 |       ||     2
       Scroll            |       |       |     9 ||     9
 Stab: Sleeping          |     3 |     2 |     1 ||     6
Armor: Robe              |     4 |       |       ||     4
       Leather armour    |     2 |    23 |    57 ||    82
Dodge: Dodged            |    40 |    45 |   134 ||   219
Block: Buckler           |     7 |    11 |     4 ||    22

Table legend: (Time is in decaauts)
 A = Elapsed time spent in this place.
 B = Non-inter-level travel time spent in this place.
 C = Inter-level travel time spent in this place.
 D = Time resting spent in this place.
 E = Time spent auto-exploring this place.
 F = Levels seen in this place.
 G = Mean time per level.
                   A        B        C        D        E       F      G
               +--------+--------+--------+--------+--------+-----+--------+
         Total |   8165 |   7664 |    501 |   2228 |   3934 |   8 | 1020.6 |
       Dungeon |   7927 |   7511 |    416 |   2228 |   3803 |   7 | 1132.4 |
        Temple |    237 |    152 |     85 |      0 |    131 |   1 |  237.0 |
               +--------+--------+--------+--------+--------+-----+--------+

Top non-repeatable levels by time:
     D:6: 2061 daAuts
     D:5: 1864 daAuts
     D:2: 1171 daAuts
     D:3: 1039 daAuts
     D:4: 974 daAuts
     D:1: 729 daAuts
  Temple: 237 daAuts
     D:7: 85 daAuts
